 Dungeon Crawl Stone Soup version 0.19-a0-1907-gcff654f (webtiles) character file.

1 witty the Grave Robber (level 1, -3/14 HPs)
             Began as a Ghoul Necromancer on Oct 21, 2016.
             Slain by a leopard gecko (4 damage)
             ... on level 1 of the Dungeon.
             The game lasted 00:01:06 (111 turns).

witty the Grave Robber (Ghoul Necromancer)           Turns: 111, Time: 00:01:07

Health: -3/14      AC:  3    Str: 11    XL:     1   Next: 20%
Magic:  0/2        EV: 12    Int: 10    God:
Gold:   17         SH:  0    Dex:  9    Spells: 1 memorised, 2 levels left

rFire  . . .     SeeInvis .     (no weapon)
rCold  + . .     Gourm    .     a - +0 robe
rNeg   + + +     Faith    .     (no shield)
rPois  ∞         Spirit   .     (no helmet)
rElec  .         Reflect  .     (no cloak)
rCorr  .         Harm     .     (no gloves)
MR     .....                    e - +0 pair of boots
Stlth  ++........               (no amulet)
                                (no ring)
                                (no ring)

@: very slightly contaminated, rotting
A: rotting body, claws 1, carnivore 3, cold resistance 1, negative energy
resistance 3, slow regeneration 1, torment resistance, unbreathing
a: no special abilities


You were on level 1 of the Dungeon.
You were not hungry.

You visited 1 branch of the dungeon, and saw 1 of its levels.

You collected 17 gold pieces.

Inventory:

Armour
 a - a +0 robe (worn)
 e - a +0 pair of boots (worn)
   (You found it on level 1 of the Dungeon)
Books
 b - a book of Necromancy
Comestibles
 c - a meat ration {@e2}


   Skills:
 + Level 0.0 Fighting
 - Level 1.7 Dodging
 - Level 2.1 Stealth
 + Level 0.0 Unarmed Combat
 - Level 1.7 Spellcasting
 - Level 4.0 Necromancy


You had 2 spell levels left.
You knew the following spells:

 Your Spells              Type           Power        Failure   Level  Hunger
a - Pain                  Necr           #...         8%          1    ##.....


Dungeon Overview and Level Annotations

Branches:
Dungeon (1/15)

Altars:


Innate Abilities, Weirdness & Mutations

Your body is rotting away.
You thrive on raw meat.
You are immune to poison.
You have sharp fingernails.
You are carnivorous and can eat meat at any time.
Your flesh is cold resistant. (rC+)
You are immune to negative energy. (rN+++)
You regenerate slowly when monsters are visible.
You are immune to unholy pain and torment.
You can survive without breathing.


Message History

Welcome, witty the Ghoul Necromancer.
It is said that the Orb of Zot exists deep within this dungeon.
Found 9 gold pieces.
Found a staircase leading out of the dungeon.
You now have 9 gold pieces.
As you open the door, it creaks loudly!
You hear a shout!
A hobgoblin comes into view. It is wielding a club.
There is an open door here.
A hobgoblin is nearby!
A hobgoblin is nearby!
A hobgoblin is nearby!
A hobgoblin is nearby!
The hobgoblin hits you with a club.
You take 4 damage, and have 10/14 hp.
MASSIVE DAMAGE!!
You scratch the hobgoblin. The hobgoblin closely misses you.
You barely miss the hobgoblin. The hobgoblin hits you with a club.
You take 5 damage, and have 5/14 hp.
MASSIVE DAMAGE!!
You scratch the hobgoblin.
You kill the hobgoblin!
Things that are here:
a club; a hobgoblin corpse You butcher the hobgoblin corpse.
d - a chunk of flesh {@w0} You see here a club.
You aren't carrying any potions.
Okay, then.
e - a pair of boots Eating a chunk of flesh {@w0}.
You start eating the chunk of flesh {@w0}.
This raw flesh tastes great!
You regained 6 hp, and now have 11/14 hp.
Okay, then.
There are no items here.
You start putting on your armour.
You continue putting on your pair of boots. x4
You finish putting on your +0 pair of boots.
You now have 17 gold pieces (gained 8).
You open the door.
There is an open door here.
There is an open door here.
A leopard gecko comes into view.
The leopard gecko hisses angrily.
Health restored: 14 A leopard gecko is nearby!
A leopard gecko is nearby!
A leopard gecko is nearby!
A leopard gecko is nearby!
A dart slug comes into view.
A hobgoblin comes into view. It is wielding a club.
You closely miss the leopard gecko. The leopard gecko bites you.
You take 1 damage, and have 13/14 hp.
You completely miss the leopard gecko. The leopard gecko bites you.
The leopard gecko barely misses you.
You take 2 damage, and have 11/14 hp.
You scratch the leopard gecko. The leopard gecko barely misses you.
You scratch the leopard gecko. The leopard gecko misses you.
The leopard gecko bites you.
You take 4 damage, and have 7/14 hp.
MASSIVE DAMAGE!!
Aim: a leopard gecko (heavily wounded, clinging, chance to defeat MR: 76%)
You miscast Pain.
You are very lightly contaminated with residual magic.
Nothing appears to happen.
The leopard gecko bites you but does no damage.
You now have 1/2 mp.
Aim: a leopard gecko (heavily wounded, clinging, chance to defeat MR: 76%)
You miscast Pain.
Nothing appears to happen.
The leopard gecko bites you but does no damage.
You now have 0/2 mp.
You don't have enough magic to cast that spell.
You don't have enough magic to cast that spell.
You barely miss the leopard gecko. The leopard gecko misses you.
You closely miss the leopard gecko. The leopard gecko closely misses you.
You barely miss the leopard gecko. The leopard gecko bites you. x2
* * * LOW HITPOINT WARNING * * *
You take 6 damage, and have 1/14 hp.
MASSIVE DAMAGE!!
You miss the leopard gecko. The leopard gecko barely misses you.
You miss the leopard gecko. The leopard gecko closely misses you.
The leopard gecko bites you but does no damage.
The leopard gecko hisses menacingly.
The leopard gecko barely misses you.
Aim: a leopard gecko (moderately wounded, clinging, chance to defeat MR: 76%)
You miscast Pain.
Pain shoots through your body. The leopard gecko bites you.
You die...

#.# #)######## #####.##......
#############........#####
#.............###.########
#...########### #.###.....
#...# #.#......#
#...#############.#.#....#
#.....g.l@...............#
#....##########...###....#
#....## ##..#.##.....#
#######...#######..##.##.#####
#.....#...#.....#.###....#
#.....'.w.#..<..#.##....##
#.....##.##.....#.#..#..#
########.####'###.#.###.#
#...##....)...# #.#


You could see a leopard gecko and a hobgoblin.

Vanquished Creatures
  A hobgoblin (D:1)
1 creature vanquished.

Notes
Turn   | Place    | Note
-------+----------+-------------------------------------------
     0 | D:1      | witty the Ghoul Necromancer began the quest for the Orb.
     0 | D:1      | Reached XP level 1. HP: 14/14 MP: 2/2
    98 | D:1      | HP: 1/14 [leopard gecko (4)]
   111 | D:1      | Slain by a leopard gecko

Vault maps used:
D:1:      dpeg_arrival_houses_and_road

Action                   || total
-------------------------++-------
Melee: Unarmed           ||    12
  Eat: Chunk             ||     1
Armor: Robe              ||     3
Dodge: Dodged            ||     9

Vault maps used:
D:1:      dpeg_arrival_houses_and_road

Table legend:
 A = Turns spent in this place as a percentage of turns spent in the entire game.
 B = Non-inter-level travel turns spent in this place as a percentage of non-inter-level travel turns spent in the entire game.
 C = Inter-level travel turns spent in this place as a percentage of turns spent in this place.
 D = Turns resting spent in this place as a percentage of non-inter-level travel turns spent in this place.
 E = Turns spent auto-exploring this place as a percentage of non-inter-level travel turns spent in this place.
 F = Non-inter-level travel turns spent in this place divided by the number of levels of this place that you've seen.
                   A       B       C       D       E      F
               +-------+-------+-------+-------+-------+----------------------
         Total | 100.0 | 100.0 |   0.0 |   0.0 |   3.6 |  55.0
       Dungeon | 100.0 | 100.0 |   0.0 |   0.0 |   3.6 |  55.0
               +-------+-------+-------+-------+-------+----------------------

Table legend:
 A = Kills in this place as a percentage of kills in entire the game.
 B = Kills by you in this place as a percentage of kills by you in the entire game.
 C = Kills by friends in this place as a percentage of kills by friends in the entire game.
 D = Other kills in this place as a percentage of other kills in the entire game.
 E = Experience gained in this place as a percentage of experience gained in the entire game.
 F = Experience gained in this place divided by the number of levels of this place that you have seen.
                   A       B       C       D       E      F
               +-------+-------+-------+-------+-------+----------------------
         Total | 100.0 | 100.0 |  -nan |  -nan | 100.0 |   2.0
       Dungeon | 100.0 | 100.0 |  -nan |  -nan | 100.0 |   2.0
               +-------+-------+-------+-------+-------+----------------------
